 Dungeon Sprint DCSS version 0.31-a0-799-g6bc09d010c (webtiles) character file.

Game seed: 13681305914744610065

11704 sircluck the Brawler (level 11, -11/131 HPs)
             Began as a Troll Berserker on Sept 19, 2023.
             Was the Champion of Trog.
             Mangled by Rupert
             ... wielding a +0 heavy great sword
              (44 damage)
             ... in the Dungeon (Sprint III: "The Ten Rune Challenge").
             The game lasted 00:04:56 (1107 turns).

sircluck the Brawler (Troll Berserker)              Turns: 1107, Time: 00:04:57

Health: -11/131    AC:  8    Str: 31    XL:     11   Next: 52%
Magic:  10/10      EV: 13    Int:  3    God:    Trog [******]
Gold:   1616       SH:  0    Dex:  9    Spells: 10/10 levels left

rFire   + .          .
                       - Unarmed
rCold   . . .        (no shield)
rNeg    . . .        q - +3 troll leather armour {Snorg}
rPois   .            b - +0 hat
rElec   .            (no cloak)
rCorr   .            (gloves unavailable)
SInv    .            (boots unavailable)
Will    .....        (no amulet) Stlth
                     (no ring)
HPRegen 2.01/turn    (no ring)
MPRegen 0.12/turn

%: no teleportation
@: confused, on berserk cooldown, slowed, very slow
A: large, unfitting armour, claws 3, regeneration 1, shaggy fur 1, tough skin 1,
beak, fire resistance 1, inability to drink after injury 1, MP-powered wands
a: Renounce Religion, Berserk, Trog's Hand, Brothers in Arms


You were in the Dungeon.
You worshipped Trog.
Trog was exalted by your worship.
You visited 1 branch You collected 1616 gold pieces.

Inventory:

Armour
 a - a +0 animal skin
 b - a +0 hat (worn)
 p - a +1 robe of fire resistance
 q - a +3 troll leather armour (worn) {Snorg}
Wands
 o - a wand of digging (9)
Scrolls
 g - a scroll of blinking
 h - a scroll of enchant weapon {unknown}
 k - 3 scrolls of torment {unknown}
 l - 4 scrolls of identify
Potions
 c - 2 potions of heal wounds
 d - 3 potions of haste
 e - 3 potions of magic
 i - a potion of brilliance {unknown}
 j - a potion of mutation
 m - a potion of enlightenment {unknown}
 n - a potion of attraction {unknown}
 r - a potion of ambrosia {unknown}


   Skills:
 + Level 14.6 Fighting
 + Level 14.4 Dodging
 + Level 16.9 Unarmed Combat


You had 10 spell levels left.
You didn't know any spells.
Your spell library was empty.

Dungeon Overview and Level Annotations

Branches:
Dungeon (1/1)

Altars:
Cheibriados
Dithmenos
Elyvilon
Fedhas
Gozag
Hepliaklqana
Kikubaaqudgha
Makhleb
Nemelex Xobeh
Okawaru
Qazlal
Ru
Sif Muna
Trog
Uskayaw
Vehumet
Wu Jian
Xom
Yredelemnul
Zin
The Shining One
Jiyva
Lugonu

Shops:
D [

Annotations:
D Rupert


Innate Abilities, Weirdness & Mutations

You are too large for most types of armour.
You have claws for hands.
Your natural rate of healing is unusually fast.
You are covered in fur. (AC +1)
You have tough skin. (AC +1)
You have a beak for a mouth.
Your flesh is heat resistant. (rF+)
You occasionally lose the ability to drink potions when taking damage.
You expend magic power (3 MP) to strengthen your wands.


Message History

You bump into the rock wall.
Rupert yells loudly at you.
You are more confused.
Rupert roars wildly at you.
You are more confused.
The azure jelly jiggles.
Rupert yells loudly at you.
You suddenly lose the ability to move!
Rupert roars wildly at you.
You shrug off the repeated paralysis!
You can move again.
Unknown command.
Unknown command.
Unknown command.
Unknown command.
You bump into the rock wall.
You bump into the rock wall.
A red film seems to cover your vision as you go berserk!
You feel yourself moving faster!
You feel mighty! Rupert roars wildly at you.
You are more confused.
You bump into the rock wall.
You feel a strong urge to attack something.
Rupert roars madly and goes into a rage!
Rupert goes berserk!
Rupert hits you with a +0 heavy great sword!
You bump into the rock wall.
You feel your anger nearly subside.
You are no longer berserk.
You are exhausted.
You feel yourself slow down.
Rupert hits you with a +0 heavy great sword!
You completely miss Rupert. Your claw misses Rupert.
Rupert hits you with a +0 heavy great sword!!!
You're too confused to move!
Rupert hits you with a +0 heavy great sword!!
* * * LOW HITPOINT WARNING * * *
You bump into the rock wall.
Rupert hits you with a +0 heavy great sword!!!
You die...
Rupert roars with triumph.

▓.................#___#
▓▓▓▓▓▓▓▓▓▓▓▓▓▓▓▓▓▓▓▓▓▓▓
▓..†'≈≈~≈≈≈≈~~♣♣.....♣
▓...#~≈~§§§~≈~♣♣.≈≈≈≈'
▓...#≈~≈§§§≈≈≈~'....†#
▓...#≈~~§§§)~~♣♣♣♣♣♣♣#
▓..)#~≈~~≈≈≈~≈♣ #
▓##'####+######
▓....@@......
▓#+########## .JJ#
▓..J+ ▓...# ▓...# #+###


You could see Rupert (berserk) and an azure jelly.

Vanquished Creatures
  Gastronok (D)
  2 dire elephants (D)
  Snorg (D)
  A centaur warrior (D)
  An orc high priest (D)
  A deep elf pyromancer (D)
  2 elephants (D)
  2 cane toads (D)
  An unseen horror (D)
  A rime drake (D)
  A komodo dragon (D)
  3 wandering mushrooms (D)
  5 blink frogs (D)
  A shadow (D)
  A spatial vortex (D)
  A swamp drake (D)
  3 orc warriors (D)
  2 centaurs (D)
  An earth elemental (D)
  A necrophage (D)
  A water elemental (D)
  A scorpion (D)
  14 killer bees (D)
  A jelly (D)
  2 orc priests (D)
  An orc wizard (D)
  A necromancer (D)
  3 humans (D)
  A kobold demonologist (D)
  8 orcs (D)
  An endoplasm (D)
  4 rats (D)
70 creatures vanquished.

Vanquished Creatures (collateral kills)
  An orc sorcerer (D)
  A queen bee (D)
  18 killer bees (D)
20 creatures vanquished.

Vanquished Creatures (others)
  A wizard (D)
  An orc (D)
2 creatures vanquished.

Grand Total: 92 creatures vanquished

Notes
Turn   | Place    | Note
-------+----------+-------------------------------------------
     0 | D        | sircluck the Troll Berserker began the quest for the Orb.
     0 | D        | Reached XP level 1. HP: 22/22 MP: 0/0
    21 | D        | Reached ** piety under Trog
    47 | D        | Reached skill level 4 in Unarmed Combat
    47 | D        | Reached XP level 2. HP: 31/31 MP: 1/1
    50 | D        | Noticed a scorpion
    59 | D        | Killed a scorpion
    60 | D        | Reached skill level 5 in Unarmed Combat
    60 | D        | Reached XP level 3. HP: 29/40 MP: 2/2
    60 | D        | Reached XP level 4. HP: 36/49 MP: 3/3
    92 | D        | Gained mutation: Your body sometimes deteriorates upon
                  | taking damage. [potion of mutation]
    92 | D        | Gained mutation: You have a pair of small horns on your
                  | head. [potion of mutation]
    92 | D        | Gained mutation: You are agile. (Dex +4, Str/Int -1)
                  | [potion of mutation]
    93 | D        | Lost mutation: You have a pair of small horns on your head.
                  | [potion of mutation]
    93 | D        | Lost mutation: You are agile. (Dex +4, Str/Int -1) [potion
                  | of mutation]
    93 | D        | Lost mutation: Your body sometimes deteriorates upon taking
                  | damage. [potion of mutation]
    93 | D        | Gained mutation: Your flesh is heat resistant. (rF+)
                  | [potion of mutation]
    93 | D        | Gained mutation: You have a beak for a mouth. [potion of
                  | mutation]
    93 | D        | Gained mutation: You occasionally lose the ability to drink
                  | potions when taking damage. [potion of mutation]
    93 | D        | Gained mutation: You expend magic power (3 MP) to
                  | strengthen your wands. [potion of mutation]
   108 | D        | Noticed a water elemental
   110 | D        | Killed a water elemental
   110 | D        | Reached *** piety under Trog
   111 | D        | Reached skill level 5 in Fighting
   111 | D        | Reached skill level 5 in Dodging
   111 | D        | Reached skill level 6 in Unarmed Combat
   111 | D        | Reached XP level 5. HP: 57/57 MP: 4/4
   160 | D        | Found a glowing silver altar of Zin.
   160 | D        | Found a glowing golden altar of the Shining One.
   160 | D        | Found a white marble altar of Elyvilon.
   161 | D        | Noticed a deep elf pyromancer
   165 | D        | Killed a deep elf pyromancer
   166 | D        | Reached skill level 9 in Unarmed Combat
   166 | D        | Reached XP level 6. HP: 62/72 MP: 5/5
   166 | D        | Reached XP level 7. HP: 68/79 MP: 6/6
   189 | D        | Found a hide-covered altar of Uskayaw.
   189 | D        | Found an iron altar of Okawaru.
   189 | D        | Found a bloodstained altar of Trog.
   189 | D        | Found an ornate altar of the Wu Jian Council.
   189 | D        | Noticed a human
   189 | D        | Noticed a human
   199 | D        | Killed a human
   209 | D        | Killed a human
   209 | D        | Reached **** piety under Trog
   210 | D        | Reached skill level 10 in Unarmed Combat
   214 | D        | Found a basalt altar of Yredelemnul.
   214 | D        | Found a shadowy altar of Dithmenos.
   214 | D        | Found a sacrificial altar of Ru.
   249 | D        | Found a radiant altar of Vehumet.
   249 | D        | Found a shimmering blue altar of Sif Muna.
   249 | D        | Found an ancient bone altar of Kikubaaqudgha.
   252 | D        | Noticed a sun demon
   307 | D        | Noticed a shadow
   311 | D        | Reached ***** piety under Trog
   312 | D        | Killed a shadow
   313 | D        | Reached XP level 8. HP: 34/92 MP: 7/7
   364 | D        | Found a blossoming altar of Fedhas.
   364 | D        | Found a stormy altar of Qazlal.
   364 | D        | Found a snail-covered altar of Cheibriados.
   364 | D        | Found a burning altar of Makhleb.
   364 | D        | Found a shimmering altar of Xom.
   365 | D        | Found a hazy altar of Hepliaklqana.
   365 | D        | Found an opulent altar of Gozag.
   365 | D        | Found a sparkling altar of Nemelex Xobeh.
   365 | D        | Found a corrupted altar of Lugonu.
   365 | D        | Found a viscous altar of Jiyva.
   375 | D        | Reached skill level 11 in Unarmed Combat
   387 | D        | Noticed Snorg
   395 | D        | Killed Snorg
   396 | D        | Reached skill level 10 in Fighting
   396 | D        | Reached skill level 10 in Dodging
   396 | D        | Reached skill level 12 in Unarmed Combat
   428 | D        | Noticed an orc sorcerer
   436 | D        | Paralysed by an orc sorcerer for 5 turns
   441 | D        | Killed an orc sorcerer
   442 | D        | Reached XP level 9. HP: 102/102 MP: 8/8
   447 | D        | Noticed an orc high priest
   448 | D        | Noticed a smoke demon
   466 | D        | Received a gift from Trog
   468 | D        | Noticed a rust devil
   474 | D        | Noticed a red devil
   474 | D        | Noticed a hellwing
   487 | D        | Killed an orc high priest
   488 | D        | Reached skill level 13 in Unarmed Combat
   490 | D        | Reached ****** piety under Trog
   500 | D        | Received a gift from Trog
   511 | D        | Found Lapaesa's Antique Armour Shop.
   593 | D        | Noticed a centaur warrior
   598 | D        | Killed a centaur warrior
   599 | D        | Reached XP level 10. HP: 111/115 MP: 9/9
   625 | D        | Reached skill level 14 in Unarmed Combat
   626 | D        | Received a gift from Trog
   636 | D        | Identified the +10 rapier of the Peculiar Dances {heavy,
                  | rCorr} (Trog gifted it to you in the Dungeon)
   636 | D        | Received a gift from Trog
   658 | D        | Received a gift from Trog
   941 | D        | Reached skill level 15 in Unarmed Combat
   957 | D        | Noticed a cane toad
   957 | D        | Noticed a cane toad
   960 | D        | Killed a cane toad
   960 | D        | Received a gift from Trog
   961 | D        | Killed a cane toad
   981 | D        | Reached XP level 11. HP: 127/127 MP: 10/10
   993 | D        | Received a gift from Trog
   995 | D        | Reached skill level 16 in Unarmed Combat
  1002 | D        | Noticed a dire elephant
  1002 | D        | Noticed a dire elephant
  1002 | D        | Noticed Gastronok
  1010 | D        | Killed a dire elephant
  1017 | D        | Killed a dire elephant
  1028 | D        | Killed Gastronok
  1084 | D        | Noticed an azure jelly
  1084 | D        | Noticed an azure jelly
  1084 | D        | Noticed an azure jelly
  1085 | D        | Noticed an azure jelly
  1088 | D        | Noticed Rupert
  1097 | D        | Paralysed by Rupert for 2 turns
  1107 | D        | Mangled by Rupert

Illustrated notes

Levels and vault maps discovered:
D:        dungeon_sprint_mu [sprint_mu_entry_forest, sprint_mu_temple_rooms,
          sprint_mu_d1_horrors, sprint_mu_d2_genie, sprint_mu_d3_branching,
          sprint_mu_orc_legion, sprint_mu_elf_gauntlet, sprint_mu_hive_nellie,
          sprint_mu_lair_fedhas, sprint_mu_vaults_butterflies,
          sprint_mu_slime_circle, sprint_mu_swamp_cave, sprint_mu_shoals_archi,
          sprint_mu_blade_basic, sprint_mu_crypt_fortress,
          sprint_mu_tomb_spiral, sprint_mu_vestibule_basic,
          sprint_mu_gehenna_hellfire, sprint_mu_dis_giant,
          sprint_mu_tartarus_statrot, sprint_mu_cocytus_islands, sprint_mu_zot1]

Skill      XL: |  1  2  3  4  5  6  7  8  9 10 11 |
---------------+----------------------------------+-----
Fighting       | 3 4 5 7 9 10 11 13 14 | 14.6
Dodging        | 3 4 5 7 9 10 11 13 14 | 14.4
Unarmed Combat | 4 5 6 9 10 12 13 15 16 | 16.9

Action                     |  1- 3 |  4- 6 |  7- 9 | 10-12 || total
---------------------------+-------+-------+-------+-------++-------
  Melee: Unarmed           |    24 |     5 |   100 |   115 ||   244
         Peck              |       |     2 |    14 |    34 ||    50
         Punch             |       |       |     9 |     9 ||    18
 Invoke: Berserk           |       |     1 |     2 |     2 ||     5
         Brothers in Arms  |       |       |     1 |     1 ||     2
    Use: Potion            |       |     2 |     1 |     1 ||     4
 Armour: Animal skin       |    13 |     2 |     5 |       ||    20
         Robe              |       |       |     9 |       ||     9
         Troll leather arm |       |       |    45 |    75 ||   120
  Dodge: Dodged            |    11 |       |    56 |    50 ||   117

Table legend: (Time is in decaauts)
 A = Elapsed time spent in this place.
 B = Non-inter-level travel time spent in this place.
 C = Inter-level travel time spent in this place.
 D = Time resting spent in this place.
 E = Time spent auto-exploring this place.
 F = Levels seen in this place.
 G = Mean time per level.
                   A        B        C        D        E       F      G
               +--------+--------+--------+--------+--------+-----+--------+
         Total |   1090 |   1068 |     22 |    356 |    237 |   1 | 1090.0 |
       Dungeon |   1090 |   1068 |     22 |    356 |    237 |   1 | 1090.0 |
               +--------+--------+--------+--------+--------+-----+--------+

Top non-repeatable levels by time:
       D: 1090 daAuts
